 Dungeon Crawl Stone Soup version 0.27.1-1-g398f81649c (webtiles) character file.

Game seed: 8277661829006589310

74 H0rd4k the Magician (level 4, -1/27 HPs)
             Began as an Octopode Hedge Wizard on Sept 20, 2021.
             Killed by divine providence
             ... invoked by an orc priest
              (13 damage)
             ... on level 3 of the Dungeon.
             The game lasted 00:05:00 (3266 turns).

H0rd4k the Magician (Octopode Hedge Wizard)         Turns: 3266, Time: 00:05:00

Health: -1/27      AC:  1    Str:  9    XL:     4   Next: 30%
Magic:  3/10       EV: 13    Int: 17    God:
Gold:   41         SH:  0    Dex: 11    Spells: 10/11 levels left

rFire    . . .     SeeInvis .   e - staff of poison
rCold    . . .     Faith    .   (no shield)
rNeg     . . .     Spirit   .   b - +0 hat
rPois    +         Reflect  .   (no amulet)
rElec    .         Harm     .   (no ring)
rCorr    .         Rampage  .   (no ring)
Will     .....                  (no ring)
Stlth    +++.......             (no ring)
HPRegen  0.09/turn              (no ring)
MPRegen  0.12/turn              (no ring)
                                (no ring)
                                (no ring)

@: no status effects
A: almost no armour, amphibious, 8 rings, camouflage 1, gelatinous body 1,
(nimble swimmer 1), tentacles
a: no special abilities


You were on level 3 of the Dungeon.
You visited 1 branch of the dungeon, and saw 3 of its levels.

You collected 41 gold pieces.

Inventory:

Hand Weapons
 a - a +0 dagger
Armour
 b - a +0 hat (worn)
Magical Staves
 e - a staff of poison (weapon)
Jewellery
 i - a ring of protection from cold
Scrolls
 f - 4 scrolls of identify {unknown}
 g - a scroll of amnesia {unknown}
Potions
 c - 4 potions of degeneration {unknown}
 d - 2 potions of might {unknown}
 h - a potion of curing {unknown}


   Skills:
 + Level 2.3 Dodging
 + Level 2.9 Stealth
 + Level 4.2 Spellcasting
 + Level 1.6 Conjurations
 + Level 1.0 Summonings
 + Level 1.0 Translocations


You had 10 spell levels left.
You knew the following spells:

 Your Spells              Type           Power      Damage    Failure   Level
a - Magic Dart            Conj           36%        1d4       8%          1

Your spell library contained the following spells:

 Spells                   Type           Power      Damage    Failure   Level
 Blink                    Tloc           N/A        N/A       16%         2
 Call Imp                 Summ           7%         N/A       16%         2
 Slow                     Hex            3%         N/A       24%         2
 Lesser Beckoning         Tloc           3%         N/A       30%         3
 Conjure Flame            Conj/Fire      6%         6-21      32%         3
 Mephitic Cloud           Conj/Pois/Air  8%         N/A       36%         3
 Manifold Assault         Tloc           7%         N/A       96%         5


Dungeon Overview and Level Annotations

Branches:
Dungeon (3/15)

Altars:

Annotations:
D:1 exclusion: 2 downstairs


Innate Abilities, Weirdness & Mutations

You cannot wear most types of armour.
You are amphibious.
You can wear up to eight rings at the same time.
Your skin changes colour to match your surroundings (Stealth+).
Your rubbery body absorbs attacks. (AC +1, EV +1)
((You are camouflaged near water. (Stealth+)))
You have tentacles for arms and can constrict up to eight enemies at once.


Message History

A bat and 3 orcs come into view.
There are monsters nearby!
There are monsters nearby!
There are monsters nearby!
The magic dart hits the orc.
The orc is lightly wounded.
The orc shouts!
The magic dart hits the orc.
The orc is moderately wounded.
The magic dart hits the orc.
The orc is severely wounded.
The magic dart hits the orc.
You kill the orc!
The orc shouts!
You hear a shout!
The magic dart hits the orc.
The orc is lightly wounded.
The magic dart hits the orc.
The orc is moderately wounded.
The magic dart hits the orc.
You kill the orc!
You can't see any susceptible monsters within range! (Use Z to cast anyway.)
You can't see any susceptible monsters within range! (Use Z to cast anyway.)
You can't see any susceptible monsters within range! (Use Z to cast anyway.)
You can't see any susceptible monsters within range! (Use Z to cast anyway.)
You can't see any susceptible monsters within range! (Use Z to cast anyway.)
You can't see any susceptible monsters within range! (Use Z to cast anyway.)
You can't see any susceptible monsters within range! (Use Z to cast anyway.)
You can't see any susceptible monsters within range! (Use Z to cast anyway.)
An orc priest comes into view. It is wielding a +0 morningstar.
An orc priest is nearby!
An orc priest is nearby!
The magic dart hits the orc priest.
The orc priest is moderately wounded.
The orc priest calls down the wrath of Beogh upon you.
Beogh smites you!
Ouch! That really hurt!
You are too injured to fight recklessly!
The orc priest mumbles some strange prayers to Beogh against you.
Beogh smites you!
You die...

...................#.......
##.##...........#.##.......
####....#.#.#.###......
...#####......รท............
#.........#.##########.##
#.####....#.# #.#
###.####...##.# ###.##
#........(....### #.....
..#######.@>....# #.####
#.#####.# #.# #.#####.## #.#
#........# #.# #)#####..#
#.# #.#####.. #+# #........
.ooo..o..#####. ##.#####.#


You could see an orc priest.

Vanquished Creatures
  2 adders (D:2)
  2 worms (D:2)
  2 orcs (D:3)
  8 bats
  4 endoplasms
  4 giant cockroaches
  4 goblins (D:1)
  2 hobgoblins
  4 kobolds
  A quokka (D:3)
  7 ball pythons
  2 frilled lizards
  8 rats
50 creatures vanquished.

Vanquished Creatures (others)
  A fungus (D:1)
1 creature vanquished.

Grand Total: 51 creatures vanquished

Notes
Turn   | Place    | Note
-------+----------+-------------------------------------------
     0 | D:1      | H0rd4k the Octopode Hedge Wizard began the quest for the
                  | Orb.
     0 | D:1      | Reached XP level 1. HP: 11/11 MP: 4/4
   143 | D:1      | Reached XP level 2. HP: 17/17 MP: 1/6
   533 | D:1      | Found a faded altar of an unknown god.
  1482 | D:2      | Reached XP level 3. HP: 9/21 MP: 0/8
  1907 | D:2      | Reached skill level 4 in Spellcasting
  2471 | D:2      | Reached XP level 4. HP: 27/27 MP: 1/10
  3266 | D:3      | Killed from afar by an orc priest

Illustrated notes

Levels and vault maps discovered:
D:1:      elethiomel_arrival_diamonds, layout_basic,
          dreamdust_ecumenical_altar_grove
D:2:      layout_rooms
D:3:      layout_loops_cross, grunt_decor_resistance,
          chequers_serial_rivers_room_b, uniq_crazy_yiuf_cottage

Skill      XL: |  1  2  3 |
---------------+----------+-----
Spellcasting   | 4 |  4.2
Dodging        | |  2.3
Stealth        | |  2.9
Conjurations   | |  1.6
Summonings     | |  1.0
Translocations | |  1.0

Action                   |  1- 3 |  4- 6 || total
-------------------------+-------+-------++-------
Melee: Dagger            |    24 |       ||    24
       Constrict         |     7 |       ||     7
       Tentacles         |     3 |       ||     3
 Cast: Magic Dart        |   117 |    29 ||   146
Armor: Skin              |     5 |       ||     5
Dodge: Dodged            |    26 |       ||    26
